 Dungeon Crawl Stone Soup version 0.30.1-3-gfc49f6343a (webtiles) character file.

Game seed: 17442869617585930370

10339 Peloso the Carver (level 11, -1/95 HPs)
             Began as a Minotaur Fighter on Aug 1, 2023.
             Was a Priest of Okawaru.
             Slain by a vampire
             ... wielding a +1 vampiric halberd
              (17 damage)
             ... in a bailey.
             The game lasted 00:22:02 (8340 turns).

Peloso the Carver (Minotaur Fighter)                Turns: 8340, Time: 00:22:02

Health: -1/95      AC: 23    Str: 28    XL:     11   Next: 34%
Magic:  9/11       EV: 11    Int:  5    God:    Okawaru [***...]
Gold:   562        SH: 19    Dex: 13    Spells: 10/10 levels left

rFire   + . .        a - +3 long sword
rCold   + . .        d - +0 tower shield
rNeg    . . .        G - +0 plate armour
rPois   .            (helmet restricted)
rElec   .            j - scarf {rC+ rF+}
rCorr   .            k - +2 pair of gloves {hurl}
SInv    .            (no boots)
Will    .....        h - amulet of regeneration Stlth
                     e - +6 ring of strength
HPRegen 1.15/turn    A - +4 ring of protection
MPRegen 0.12/turn

%: no passive effects
@: mighty, heroic
A: horns 2, retaliatory headbutt
a: Renounce Religion, Heroism


You were in a bailey.
You worshipped Okawaru.
Okawaru was most pleased with you.
You visited 2 branches of the dungeon, and saw 10 of its levels.
You also visited: Bailey.

You collected 562 gold pieces.

Inventory:

Hand Weapons
 a - a +3 long sword (weapon)
Missiles
 q - a throwing net (quivered)
Armour
 b - a +1 scale mail of poison resistance
 c - a +0 buckler
 d - a +0 tower shield (worn)
 j - a scarf of resistance (worn)
 k - a +2 pair of gloves of hurling (worn)
 G - a +0 plate armour (worn)
Jewellery
 e - a +6 ring of strength (left hand)
 h - an amulet of regeneration (around neck)
 s - a ring of positive energy
 A - a +4 ring of protection (right hand)
 J - a ring of fire
Wands
 t - a wand of flame (59)
 F - a wand of iceblast (8)
 H - a wand of mindburst (15)
 I - a wand of digging (6)
Scrolls
 f - 8 scrolls of teleportation
 i - a scroll of blinking
 m - 2 scrolls of poison
 n - a scroll of fear
 r - a scroll of amnesia
 w - 3 scrolls of fog
 y - 2 scrolls of enchant weapon
 B - 2 scrolls of vulnerability
 D - a scroll of noise
 K - a scroll of enchant armour
 O - a scroll of brand weapon
Potions
 l - a potion of invisibility
 o - a potion of haste
 p - 2 potions of resistance
 v - 4 potions of brilliance
 x - 2 potions of lignification
 z - a potion of magic
 C - a potion of cancellation
Miscellaneous
 L - a condenser vane
 M - a box of beasts
 N - a phial of floods


   Skills:
 + Level 8.5(13.5) Fighting
 + Level 12.4(17.4) Long Blades
 + Level 8.6(13.6) Armour
 + Level 6.1(11.1) Dodging
 + Level 1.3(6.3) Stealth
 + Level 12.3(17.3) Shields
 + Level 1.3 Invocations


You had 10 spell levels left.
You didn't know any spells.
Your spell library contained the following spells:

 Spells                   Type           Power      Damage    Failure   Level
 Apportation              Tloc           0%         N/A       100%        1
 Shock                    Conj/Air       0%         1d3       100%        1
 Cigotuvi's Dreadful Rot  Necr/Pois/Air  0%         N/A       100%        2
 Sublimation of Blood     Necr           0%         N/A       100%        2
 Wereblood                Tmut           0%         N/A       100%        2
 Frozen Ramparts          Ice            0%         1d1       100%        3
 Gell's Gravitas          Tloc           0%         N/A       100%        3
 Swiftness                Air            0%         N/A       100%        3
 Teleport Other           Tloc           0%         N/A       100%        3
 Airstrike                Air            0%         2d(0-16)  100%        4
 Dispel Undead            Necr           0%         3d6       100%        4
 Ice Form                 Ice/Tmut       0%         N/A       100%        4
 Alistair's Intoxication  Tmut/Pois      0%         N/A       100%        5
 Dispersal                Tloc           0%         N/A       100%        6
 Orb of Destruction       Conj           0%         9d5       100%        7
 Summon Guardian Golem    Hex/Summ       Unusable   N/A       N/A         3
 Summon Ice Beast         Ice/Summ       Unusable   N/A       N/A         4
 Death Channel            Necr           Unusable   N/A       N/A         6
 Spellforged Servitor     Conj/Summ      Unusable   N/A       N/A         7
 Summon Hydra             Summ           Unusable   N/A       N/A         7

Dungeon Overview and Level Annotations

Branches:
Dungeon (9/15)             Temple (1/1) D:4            Lair (0/5) D:8
 Bailey (1/1)
    Orc: D:9-12

Altars:
Ashenzari
Cheibriados
Dithmenos
Elyvilon
Fedhas
Hepliaklqana
Kikubaaqudgha
Makhleb
Nemelex Xobeh
Okawaru
Qazlal
Ru
Sif Muna
Trog
Uskayaw
Wu Jian
Xom
Yredelemnul
Zin
The Shining One

Shops:
D:7 [=


Innate Abilities, Weirdness & Mutations

You have a pair of horns on your head.
You reflexively headbutt those who attack you in melee.


Message History

You hit something but do no damage. You block something's attack.
Something bites you but does no damage.
You hit something but do no damage. You headbutt something.
You barely miss something.
You hear some strange, mumbled words.
You are confused.
You feel very mighty all of a sudden.
You feel like a meek peon again. Something hits you!
* * * LOW HITPOINT WARNING * * *
Something bites you but does no damage. Something completely misses you.
Okay, then.
You bump into the stone wall.
You hear some strange, mumbled words.
You are more confused.
Unknown command.
There is a large open door here.
Unknown command.
You are too confused!
You're too confused to move!
Something hits you but does no damage.
Unknown command.
Found a glowing plate armour.
Something hits you.
* * * LOW HITPOINT WARNING * * *
There is a large open door here.
Unknown command.
You're too confused to move!
Something hits you.
* * * LOW HITPOINT WARNING * * *
Unknown command.
Something hits you.
* * * LOW HITPOINT WARNING * * *
You feel less confused.
You gain the combat prowess of a mighty hero.
You can no longer speed up your combat.
Something hits you but does no damage. Something bites you but does no damage.
You hit something but do no damage. You headbutt something!
Something hits you but does no damage. Something bites you.
* * * LOW HITPOINT WARNING * * *
Something draws strength from your injuries!
You hit something but do no damage. Something hits you!
You die...

## ##! [## #.. .8#
#.. ..# #.§##
#..##########
#§§§##...#8.......#
##§.....##....)..8#
##....##@..#######
###''##..)##....8#
#.........#......#
#8...............#
#########....#...#
#8.....##..##...+
#.......####....+
#....♣...#...####
#####...........#


There were no monsters in sight!

Vanquished Creatures
  A centaur warrior (D:8)
  A cyclops (D:8)
  An ugly thing (D:8)
  2 gargoyles
  A troll (D:9)
  A hornet (D:9)
  A slime creature (D:8)
  A vampire (D:9)
  A wraith (D:9)
  A wyvern (D:5)
  A basilisk (D:8)
  12 yaks
  A steam dragon (D:8)
  A vampire mosquito (D:8)
  3 acid dragons (D:9)
  2 water moccasins
  3 orc warriors
  3 ice beasts
  2 black bears
  3 ogres
  4 centaurs
  2 phantoms (D:4)
  5 bullfrogs
  A kobold brigand (D:9)
  Blork the orc (D:6)
  A gnoll sergeant (D:8)
  2 scorpions (D:5)
  21 wights
  11 killer bees
  2 howler monkeys
  2 wolf zombies (Bailey)
  A crimson imp (D:6)
  5 orc priests
  3 jellies
  A hound (D:6)
  5 iguanas
  2 sleepcaps
  9 orc wizards
  A mummy (D:8)
  9 adders
  3 gnolls (D:4)
  A shadow imp (D:5)
  A white imp (D:6)
  2 ufetubi
  2 worms
  2 dart slugs
  31 orcs
  2 bats (D:2)
  5 endoplasms
  2 giant cockroaches
  5 goblins
  9 hobgoblins
  12 kobolds
  8 quokkas
  8 ball pythons
  4 frilled lizards
  18 orc zombies (Bailey)
  4 rats
249 creatures vanquished.

Notes
Turn   | Place    | Note
-------+----------+-------------------------------------------
     0 | D:1      | Peloso the Minotaur Fighter began the quest for the Orb.
     0 | D:1      | Reached XP level 1. HP: 19/19 MP: 0/0
   204 | D:1      | Reached XP level 2. HP: 21/27 MP: 1/1
   614 | D:1      | Found a faded altar of an unknown god.
  1097 | D:2      | Found a bloodstained altar of Trog.
  1192 | D:2      | Reached XP level 3. HP: 33/33 MP: 2/2
  1374 | D:2      | Reached XP level 4. HP: 40/40 MP: 3/3
  1742 | D:3      | Found a broken altar of Ashenzari.
  1847 | D:3      | Found a sparkling altar of Nemelex Xobeh.
  1853 | D:3      | Found a shimmering altar of Xom.
  2201 | D:3      | Reached XP level 5. HP: 41/47 MP: 4/4
  2357 | D:3      | Found a blossoming altar of Fedhas.
  2553 | D:4      | Reached skill level 1 in Dodging
  2582 | D:4      | Reached skill level 5 in Long Blades
  2688 | D:4      | Noticed an ogre
  2697 | D:4      | Killed an ogre
  2698 | D:4      | Reached XP level 6. HP: 39/53 MP: 5/5
  2728 | D:4      | Reached skill level 5 in Armour
  2775 | D:4      | Found a staircase to the Ecumenical Temple.
  2784 | Temple   | Entered the Ecumenical Temple
  2831 | Temple   | Became a worshipper of Warmaster Okawaru
  3277 | D:4      | Noticed an ice beast
  3298 | D:4      | Killed an ice beast
  3299 | D:4      | Reached skill level 5 in Fighting
  3299 | D:4      | Reached skill level 5 in Shields
  3299 | D:4      | Reached XP level 7. HP: 61/61 MP: 6/6
  3500 | D:5      | Entered Level 5 of the Dungeon
  3546 | D:5      | Noticed a wyvern
  3562 | D:5      | Killed a wyvern
  3562 | D:5      | Reached * piety under Okawaru
  3740 | D:5      | Reached XP level 8. HP: 64/69 MP: 7/7
  4377 | D:6      | Reached ** piety under Okawaru
  4378 | D:6      | Reached skill level 1 in Stealth
  4459 | D:6      | Found a burning altar of Makhleb.
  4740 | D:6      | Found a hide-covered altar of Uskayaw.
  4756 | D:6      | Noticed Blork the orc
  4763 | D:6      | Killed Blork the orc
  5264 | D:7      | Reached XP level 9. HP: 66/75 MP: 8/8
  5285 | D:7      | Found Bompael's Jewellery Shop.
  5478 | D:7      | Found a bloodstained altar of Trog.
  5556 | D:7      | Reached *** piety under Okawaru
  5589 | D:7      | Reached skill level 10 in Long Blades
  5722 | D:7      | Found Usecek's Armour Emporium.
  5897 | D:7      | Found an ancient bone altar of Kikubaaqudgha.
  6370 | D:8      | Reached **** piety under Okawaru
  6455 | D:8      | Reached XP level 10. HP: 86/86 MP: 9/9
  6492 | D:8      | Reached skill level 10 in Shields
  6518 | D:8      | Found a snail-covered altar of Cheibriados.
  6698 | D:8      | Noticed a cyan ugly thing
  6749 | D:8      | Noticed a cyclops
  6774 | D:8      | Noticed a gargoyle
  6777 | D:8      | Killed a cyclops
  6793 | D:8      | Killed a gargoyle
  6813 | D:8      | Reached skill level 5 in Dodging
  6868 | D:8      | Killed a cyan ugly thing
  6878 | D:8      | Noticed a centaur warrior
  6891 | D:8      | Killed a centaur warrior
  6891 | D:8      | Reached ***** piety under Okawaru
  6892 | D:8      | Reached skill level 1 in Invocations
  7003 | D:8      | Found a staircase to the Lair.
  7126 | D:8      | Found a stormy altar of Qazlal.
  7421 | D:9      | Reached XP level 11. HP: 19/94 MP: 10/10
  7437 | D:9      | HP: 4/94 [centaur (3)]
  7467 | D:9      | Found a shimmering blue altar of Sif Muna.
  7616 | D:9      | Received a gift from Okawaru
  8013 | D:9      | Found a flagged portal.
  8021 | Bailey   | Entered a bailey
  8340 | Bailey   | Slain by a vampire

Illustrated notes

Levels and vault maps discovered:
D:1:      elethiomel_arrival_infinity_welcomes_careful_drivers,
          layout_loops_ring, hellmonk_ecumenical_altar_slurped_away,
          supply_closet_lemuel, corner_web_ring, serial_park_tiny_2
D:2:      layout_basic, basic_altar, amcnicky_mini_pool_small, amethyst_killhole
D:3:      layout_loops_ring, evilmike_ruin_ashenzari, lemuel_tele_altar,
          mainiacjoe_overflow_divided_tiny
D:4:      layout_loops_ring, minmay_temple_entry_antechambers,
          minmay_three_crescents
D:5:      minmay_evil_eye, layout_loops_ring
D:6:      layout_loops_ring, makhleb_grotto_becter, kennysheep_little_box,
          minmay_misc_feat_ornament, uniq_blork_the_orc
D:7:      layout_basic, lemuel_doored_altar, trog_book, serial_shops,
          nicolae_lakefront_shop, nicolae_take_the_stairs, grunt_decor_fettered
D:8:      minmay_the_grid_triangle_9x9_rhombus_thin
          [minmay_the_grid_triangle_9x9_semitri,
          minmay_the_grid_triangle_9x9_prize_center,
          minmay_the_grid_triangle_9x9_intruding_spiral,
          minmay_the_grid_triangle_9x9_cache], layout_rooms, slow_altar_1,
          mainiacjoe_overflow_24_doors, serial_curves, eino_curves_02,
          eino_curves_04
D:9:      minmay_s_stair_smasher, layout_loops_corners,
          mainiacjoe_overflow_catch_the_wave, enter_bailey_2, serial_shops,
          kennysheep_mini, dilly_guarded_unrand_elemental_staff, uniq_maggie
Temple:   jpeg_temple_island
Bailey:   bailey_polearm_vampire_castle_hellmonk, bailey

Skill      XL: |  1  2  3  4  5  6  7  8  9 10 11 |
---------------+----------------------------------+-----
Shields        | 4 5 7 9 11 12 | 12.3
Fighting       | 4 5 6 7 8 |  8.5
Long Blades    | 3 4 5 6 7 8 10 11 12 | 12.4
Armour         | 4 5 6 7 8 |  8.6
Dodging        | 1 2 3 4 5 6 |  6.1
Stealth        | 1 |  1.3
Invocations    | 1 |  1.3

Action                     |  1- 3 |  4- 6 |  7- 9 | 10-12 || total
---------------------------+-------+-------+-------+-------++-------
  Melee: Long sword        |    88 |   132 |   378 |   454 ||  1052
         Headbutt          |    10 |    21 |    88 |   105 ||   224
 Invoke: Heroism           |       |       |     2 |    17 ||    19
    Use: Potion            |     3 |       |     1 |     2 ||     6
         Scroll            |     4 |       |       |    14 ||    18
 Armour: Scale mail        |    39 |    50 |   110 |   125 ||   324
         Plate armour      |       |       |       |    46 ||    46
  Dodge: Dodged            |    43 |    55 |    85 |   139 ||   322
  Block: Buckler           |    17 |    17 |       |       ||    34
         Tower shield      |       |    51 |   261 |   379 ||   691
